 Dungeon Crawl Stone Soup version 0.31-a0-188-g5e087ee2ca (webtiles) character file.

Game seed: 4191447451651794216

303 qw the Skirmisher (level 6, 0/35 HPs)
             Began as a Deep Elf Hunter on June 23, 2023.
             Killed by nerve-wracking pain
             ... invoked by Grinder
              (4 damage)
             ... while paralysed by Grinder
             ... on level 3 of the Dungeon.
             The game lasted 00:00:46 (1667 turns).

qw the Skirmisher (Deep Elf Hunter)                 Turns: 1667, Time: 00:00:47

Health: 0/35       AC:  8    Str: 10    XL:     6   Next: 15%
Magic:  8/8        EV:  2    Int: 14    God:
Gold:   148        SH:  0    Dex: 18    Spells: 5/5 levels left

rFire   . . .        f - +0 shortbow (heavy)
rCold   + . .        (shield currently unavailable)
rNeg    . . .        h - +1 ring mail
rPois   .            g - +2 hat
rElec   .            (no cloak)
rCorr   .            (no gloves)
SInv    .            (no boots)
Will    .....        (no amulet)
Stlth   +            b - ring of protection from cold
HPRegen 0.25/turn    (no ring)
MPRegen 0.11/turn

%: no passive effects
@: paralysed, about to teleport
A: no striking features
a: no special abilities


You were on level 3 of the Dungeon.
You visited 1 branch of the dungeon, and saw 3 of its levels.

You collected 148 gold pieces.


   Skills:
 - Level 2.0 Fighting
 + Level 9.6 Ranged Weapons
 - Level 2.4 Dodging
 - Level 1.2 Stealth


You had 5 spell levels left.
You didn't know any spells.
Your spell library was empty.

Inventory:

Hand Weapons
 f - a +0 heavy shortbow (weapon)
Armour
 g - a +2 hat (worn)
 h - a +1 ring mail (worn)
Jewellery
 b - a ring of protection from cold (left hand)
Scrolls
 c - a scroll of poison {unknown}
 k - 2 scrolls of identify
Potions
 e - a potion of cancellation
 l - a potion of haste {unknown}

Dungeon Overview and Level Annotations

Branches:
Dungeon (3/15)

Altars:
The Shining One

Annotations:
D:3 Grinder


Message History

Grinder is moderately wounded.
Grinder says, "FISH!"
You shoot an arrow. The arrow hits Grinder.
Grinder is moderately wounded.
Grinder gestures at you.
You struggle to resist.
You shoot an arrow.
The arrow hits Grinder but does no damage.
Grinder is moderately wounded.
Grinder misses you. Grinder closely misses you.
You shoot an arrow.
The arrow hits Grinder but does no damage.
Grinder is moderately wounded.
Grinder says, "Tell me all your secrets, or I'll kill you."
Grinder gestures at you. Pain shoots through your body!
You shoot an arrow. The arrow hits Grinder!
Grinder is severely wounded.
Grinder gestures at you.
You struggle to resist.
Grinder gestures at you. You resist with some effort.
You shoot an arrow. The arrow hits Grinder.
Grinder is severely wounded.
Grinder hits you.
You writhe in agony.
You shoot an arrow.
The arrow hits Grinder but does no damage.
Grinder is severely wounded.
Grinder barely misses you. Grinder gestures at you.
Pain shoots through your body!
1665 ||| READING scroll of teleportation.
As you read the scroll of teleportation, it crumbles to dust.
You feel strangely unstable. Grinder gestures at you.
You suddenly lose the ability to move!
Grinder hits you.
You writhe in agony.
Grinder gestures at you. Pain shoots through your body!
You die...

.¤¤......~..#
)¤~~¤.~~~~..#
......¤.....#
...)...#....#
.........#### ########.
........####### #......<.
....)...###...# ##........
.....%...##...###.........
.....#.#..#.....@5........
.###......................
.# #...###....##..........
####.#.###....##.......##.
#.......#....##......#..
#.......#..........#..>##
#...........###......###
##.....)...... .......#
.....>....#...##....###


You could see Grinder.

Vanquished Creatures
  Sigmund (D:3)
  An orc priest (D:3)
  Jessica (D:3)
  3 adders
  A dart slug (D:1)
  5 orcs (D:3)
  5 ball pythons
  6 endoplasms
  5 giant cockroaches
  6 hobgoblins
  4 jackals (D:3)
  4 quokkas
  6 bats
  A frilled lizard (D:1)
  5 goblins
  6 kobolds
  A rat (D:3)
61 creatures vanquished.

Notes
Turn   | Place    | Note
-------+----------+-------------------------------------------
     0 | D:1      | qw the Deep Elf Hunter began the quest for the Orb.
     0 | D:1      | Reached XP level 1. HP: 12/12 MP: 3/3
     0 | D:1      | 0 ||| qw: Version: 0.3-a-9-g12657ce
     0 | D:1      | 0 ||| qw: Game counter: 3114
     0 | D:1      | 0 ||| qw: Always use a shield: true
     0 | D:1      | 0 ||| qw: God list: Okawaru
     0 | D:1      | 0 ||| qw: Allow faded altars: false
     0 | D:1      | 0 ||| qw: Do Orc after D:15 true
     0 | D:1      | 0 ||| qw: Do second Lair branch before Depths: true
     0 | D:1      | 0 ||| qw: Lair rune preference: random
     0 | D:1      | 0 ||| qw: Plans: Normal
     0 | D:1      | 0 ||| PLANNING D:1-11
    14 | D:1      | 14 ||| FLEEEEING.
    35 | D:1      | 35 ||| FLEEEEING.
    36 | D:1      | 36 ||| FLEEEEING.
    37 | D:1      | 37 ||| FLEEEEING.
    38 | D:1      | 38 ||| FLEEEEING.
    39 | D:1      | 39 ||| FLEEEEING.
    43 | D:1      | Reached skill level 6 in Ranged Weapons
    43 | D:1      | Reached XP level 2. HP: 9/16 MP: 4/4
   379 | D:1      | Reached XP level 3. HP: 20/20 MP: 5/5
   499 | D:1      | Found a faded altar of an unknown god.
   594 | D:1      | 594 ||| UPGRADING to +2 hat.
   599 | D:1      | 599 ||| UPGRADING to +0 ring mail.
   609 | D:1      | 609 ||| DROPPING +0 leather armour.
   610 | D:1      | 610 ||| READING scroll labelled QUSKETUGERO.
   611 | D:1      | 611 ||| READING 2 scrolls labelled CUECRA HERI.
   614 | D:1      | 614 ||| READING 2 scrolls labelled PURURO HULL.
   615 | D:1      | 615 ||| READING scroll labelled WECKOLED HERY.
   616 | D:1      | 616 ||| DROPPING scroll of butterflies.
  1062 | D:2      | Reached skill level 7 in Ranged Weapons
  1255 | D:2      | 1255 ||| UPGRADING to ring of protection from cold.
  1256 | D:2      | 1256 ||| READING scroll labelled UFUETO XUDO.
  1257 | D:2      | 1257 ||| READING scroll labelled FIKLIM OGEA.
  1258 | D:2      | 1258 ||| DRINKING 2 sapphire potions.
  1259 | D:2      | 1259 ||| READING 3 scrolls of identify.
  1259 | D:2      | 1259 ||| IDENTIFYING grey potion
  1260 | D:2      | 1260 ||| READING 2 scrolls of identify.
  1260 | D:2      | 1260 ||| IDENTIFYING coppery potion
  1332 | D:3      | Reached XP level 4. HP: 8/25 MP: 6/6
  1333 | D:3      | HP: 6/25 [jackal (2)]
  1334 | D:3      | 1334 ||| READING 2 scrolls of teleportation.
  1335 | D:3      | 1335 ||| DRINKING potion of heal wounds.
  1359 | D:3      | Reached skill level 8 in Ranged Weapons
  1380 | D:3      | 1380 ||| READING scroll of enchant armour.
  1380 | D:3      | 1380 ||| ENCHANTING +0 ring mail.
  1503 | D:3      | Found a glowing golden altar of the Shining One.
  1508 | D:3      | Noticed Sigmund
  1510 | D:3      | Noticed Jessica
  1512 | D:3      | 1512 ||| DRINKING potion of curing.
  1512 | D:3      | 1512 ||| (to cure confusion)
  1513 | D:3      | Killed Sigmund
  1514 | D:3      | Reached skill level 9 in Ranged Weapons
  1514 | D:3      | Reached XP level 5. HP: 29/29 MP: 7/7
  1514 | D:3      | Reached XP level 6. HP: 34/34 MP: 8/8
  1519 | D:3      | Killed Jessica
  1651 | D:3      | Noticed Grinder
  1653 | D:3      | 1653 ||| FLEEEEING.
  1654 | D:3      | 1654 ||| FLEEEEING.
  1654 | D:3      | Paralysed by Grinder for 3 turns
  1664 | D:3      | HP: 8/35 [Grinder/nerve-wracking pain (2)]
  1665 | D:3      | 1665 ||| READING scroll of teleportation.
  1665 | D:3      | Paralysed by Grinder for 5 turns
  1666 | D:3      | HP: 3/35 [Grinder (2)]
  1667 | D:3      | Killed from afar by Grinder

Levels and vault maps discovered:
D:1:      dpeg_arrival_rooms_b, layout_rooms, shapermc_ecumenical_altar_ellora,
          minivault_26
D:2:      layout_basic, minmay_hexomino_f4
D:3:      layout_rooms, mainiacjoe_overflow_concentric_impassable, uniq_jessica,
          uniq_grinder, uniq_sigmund

Skill      XL: |  1  2  3  4  5  6 |
---------------+-------------------+-----
Ranged Weapons | 6 7 9 |  9.6
Fighting       | 2 |  2.0
Dodging        | |  2.4
Stealth        | |  1.2

Action                     |  1- 3 |  4- 6 || total
---------------------------+-------+-------++-------
   Fire: Shortbow          |   114 |    59 ||   173
    Use: Scroll            |     8 |     3 ||    11
         Potion            |     1 |     2 ||     3
 Armour: Leather armour    |     9 |       ||     9
         Ring mail         |    31 |    20 ||    51
  Dodge: Dodged            |    56 |    29 ||    85

Table legend:
 A = Non-vault XP
 B = Vault XP
 C = Vault XP percentage of total XP
 D = Non-vault monster count
 E = Vault monster count
 F = Vault count percentage of total count
                 A         B        C        D         E       F
            +---------+---------+-------+---------+---------+-------
      Total |     180 |     254 |  58.5 |      57 |       4 |   6.6
            +---------+---------+-------+---------+---------+-------
        D:1 |      46 |       0 |   0.0 |      27 |       0 |   0.0
        D:2 |      24 |       3 |  11.1 |       7 |       2 |  22.2
        D:3 |     110 |     251 |  69.5 |      23 |       2 |   8.0
            +---------+---------+-------+---------+---------+-------
